 Dungeon Crawl Stone Soup version 0.26-a0-30-g56b8cd3df0 (webtiles) character file.

Game seed: 860089952878954971, levelgen mode: deterministic

30113 gruber the Fencer (level 13, -18/107 HPs)
             Began as a Minotaur Fighter on June 3, 2020.
             Was the Champion of Okawaru.
             Killed from afar by a wizard (70 damage)
             ... with a crystal spear
             ... on level 13 of the Dungeon.
             The game lasted 00:19:12 (13793 turns).

gruber the Fencer (Minotaur Fighter)               Turns: 13793, Time: 00:19:13

Health: -18/107    AC: 28    Str: 34    XL:     13   Next: 18%
Magic:  6/12       EV: 10    Int:  5    God:    Okawaru [******]
Gold:   390        SH: 22    Dex: 14    Spells: 12/12 levels left

rFire    . . .     SeeInvis .   c - +1 long sword (flame)
rCold    + . .     Gourm    .   a - +0 tower shield
rNeg     . . .     Faith    .   P - +1 plate armour {rPois}
rPois    +         Spirit   .   (helmet restricted)
rElec    .         Reflect  .   N - +2 cloak of the Meadowlark {rC+ Str+3}
rCorr    .         Harm     .   Q - +0 pair of gloves {Dex+3}
MR       .....                  r - +0 pair of boots
Stlth    ..........             (no amulet)
HPRegen  0.27/turn              k - +4 ring of protection
MPRegen  0.13/turn              v - +6 ring of strength

@: no status effects
A: retaliatory headbutt, horns 2
a: Heroism, Finesse, Renounce Religion


You were on level 13 of the Dungeon.
You worshipped Okawaru.
Okawaru was exalted by your worship.
You were hungry.

You visited 1 branch of the dungeon, and saw 13 of its levels.
You also visited: Sewer.

You collected 825 gold pieces.
You spent 435 gold pieces at shops.

Inventory:

Hand Weapons
 c - a +1 long sword of flaming (weapon)
 U - a +1 vorpal scimitar
Missiles
 w - 35 poisoned darts (quivered)
Armour
 a - a +0 tower shield (worn)
 r - a +0 pair of boots (worn)
 I - a +0 ring mail of fire resistance
 N - the +2 cloak of the Meadowlark (worn) {rC+ Str+3}
   (You found it on level 8 of the Dungeon)

   It affects your strength (+3).
   It protects you from cold.
 P - a +1 plate armour of poison resistance (worn)
 Q - a +0 pair of gloves of dexterity (worn)
Jewellery
 g - an uncursed ring of flight
 k - a +4 ring of protection (left hand)
 v - a +6 ring of strength (right hand)
 z - an uncursed ring of protection from cold
 X - an uncursed ring of ice {unknown}
 Y - an uncursed ring of magical power {unknown}
Wands
 J - a wand of random effects (32)
 L - a wand of flame (39)
 M - a wand of digging (12)
 O - a wand of paralysis (16)
 S - a wand of disintegration (16)
 W - a wand of polymorph (10)
Scrolls
 b - a scroll of vulnerability {unknown}
 e - a scroll of fear {unknown}
 h - 9 scrolls of remove curse {unknown}
 j - 15 scrolls of identify
 l - 8 scrolls of teleportation {unknown}
 q - 3 scrolls of magic mapping {unknown}
 s - 2 scrolls of fog {unknown}
 t - 3 scrolls of enchant armour {unknown}
 y - 3 scrolls of immolation {unknown}
 A - 5 scrolls of random uselessness {unknown}
 E - 5 scrolls of blinking {unknown}
 F - 2 scrolls of enchant weapon {unknown}
 H - 4 scrolls of amnesia {unknown}
 R - a scroll of silence {unknown}
 Z - a scroll of holy word {unknown}
Potions
 d - 3 potions of might
 i - 6 potions of lignification
 m - 10 potions of curing
 n - 2 potions of ambrosia {unknown}
 o - 2 potions of resistance {unknown}
 p - 2 potions of cancellation {unknown}
 u - 2 potions of degeneration {unknown}
 x - 2 potions of mutation
 B - 3 potions of brilliance {unknown}
 C - 2 potions of magic {unknown}
 D - a potion of berserk rage {unknown}
 G - 3 potions of stabbing {unknown}
 K - 4 potions of heal wounds
 V - a potion of haste
Miscellaneous
 T - a phantom mirror
Comestibles
 f - 29 rations


   Skills:
 - Level 8.0 Fighting
 - Level 15.0 Long Blades
 - Level 14.0 Armour
 - Level 7.0 Dodging
 * Level 13.6 Shields


You had 12 spell levels left.
You didn't know any spells.
Your spell library contained the following spells:

 Spells                   Type           Power        Failure   Level  Hunger
 Beastly Appendage        Tmut           #.....       100%        1    ##.....
 Infusion                 Chrm           #...         100%        1    ##.....
 Shock                    Conj/Air       #...         100%        1    ##.....
 Summon Small Mammal      Summ           #...         100%        1    ##.....
 Call Imp                 Summ           #.......     100%        2    ###....
 Shroud of Golubria       Chrm/Tloc      #.....       100%        2    ###....
 Song of Slaying          Chrm           #.......     100%        2    ###....
 Sticks to Snakes         Tmut           #.......     100%        2    ###....
 Swiftness                Chrm/Air       #.......     100%        2    ###....
 Call Canine Familiar     Summ           #.......     100%        3    ####...
 Ozocubu's Armour         Chrm/Ice       #.......     100%        3    ####...
 Spectral Weapon          Hex/Chrm       #.......     100%        3    ####...
 Spider Form              Tmut/Pois      #.........   100%        3    ####...
 Static Discharge         Conj/Air       #.......     100%        3    ####...
 Summon Guardian Golem    Hex/Summ       #.......     100%        3    ####...
 Airstrike                Air            #.........   100%        4    #####..
 Ice Form                 Ice/Tmut       #.......     100%        4    #####..
 Summon Ice Beast         Ice/Summ       #.......     100%        4    #####..
 Summon Lightning Spire   Summ/Air       #.......     100%        4    #####..
 Blade Hands              Tmut           #.........   100%        5    ######.
 Lightning Bolt           Conj/Air       #.........   100%        5    ######.


Dungeon Overview and Level Annotations

Branches:
Dungeon (13/15)            Temple (0/1) D:7            Lair (0/6) D:11
    Orc (0/2) D:11         Vaults (0/5) D:13          Sewer (visited)

Altars:
Cheibriados
Dithmenos
Fedhas
Gozag
Nemelex Xobeh
Okawaru
Qazlal
Uskayaw
Vehumet
Wu Jian
Xom
Zin

Shops:
D:7 %   D:11 !

Annotations:
D:11 3 runed translucent doors


Innate Abilities, Weirdness & Mutations

You reflexively headbutt those who attack you in melee.
You have a pair of horns on your head.


Message History

You hit the human. You burn the human.
The human is lightly wounded.
You closely miss the human.
You headbutt the human, but do no damage.
The human is lightly wounded.
The wizard gestures at you while chanting.
The crystal spear hits you!!!
You are too injured to fight recklessly!
You are too injured to fight recklessly!
You are too injured to fight recklessly!
You hit the wizard. You burn the wizard. Your headbutt misses the wizard.
The wizard is lightly wounded.
Your hands slow down.
The human hits you but does no damage.
You closely miss the wizard.
The wizard is lightly wounded.
The wizard gestures at you while chanting.
The crystal spear hits you!!!
Ouch! That really hurt!
You die...

###############
#.............####
#.........(......#
#..########[''##.#
#..#.(...#.....#.#
#..#[....'.....#.#
#..#..⌠..'..⌠..#.#
###..#..(pp'....}#)#
#....#...p@#.....#%#
#######....##''p########.#
......'....#...p.#pp.:%#.#
#######....#.....'p...(#.#
#....#..⌠..'p.∩..#.#
#....#.....'....$#.#
####.#.....#...??#.#
####...#############.#
#....#...............#


You could see a vault guard, a wizard (fast) and 3 humans.

Vanquished Creatures
  Gastronok (D:8)
  2 vault guards (D:13)
  A hydra (D:8)
  Erolcha (D:10)
  5 two-headed ogres
  A centaur warrior (D:10)
  A wizard (D:13)
  An unseen horror (D:13)
  Pikel (D:8)
  A manticore (D:8)
  Maurice (D:10)
  A centaur zombie (D:13)
  Joseph (D:8)
  2 gargoyles
  A yaktaur (D:13)
  6 trolls
  A merfolk (D:9)
  A hornet (D:10)
  6 slime creatures (D:12)
  7 hippogriffs
  2 shadows (D:12)
  Sigmund (D:4)
  A wraith (D:13)
  A water elemental (D:11)
  16 humans (D:13)
  14 yaks
  Grum (D:8)
  2 hungry ghosts
  An acid dragon (D:13)
  2 black bears
  7 orc warriors
  An eye of draining (D:10)
  5 ice beasts
  2 slaves (D:8)
  A hornet zombie (D:13)
  A sky beast (D:12)
  6 phantoms
  4 ogres
  3 wolves
  14 centaurs
  2 big kobolds
  17 bullfrogs
  A wyvern zombie (D:8)
  2 wyvern skeletons
  3 scorpions
  7 killer bees
  3 electric eels (D:11)
  17 howler monkeys
  10 crimson imps
  2 quasits
  A bullfrog zombie (D:12)
  3 bullfrog skeletons
  12 orc wizards
  Crazy Yiuf (D:4)
  9 orc priests
  11 hounds
  5 jellies
  An iron imp (D:9)
  2 iguanas
  10 worker ants
  A hound zombie (D:6)
  2 worker ant zombies (D:7)
  Robin (D:4)
  6 gnolls
  12 adders
  3 shadow imps
  2 oozes
  An adder zombie (D:6)
  3 worms
  A dart slug (D:1)
  12 leopard geckos
  31 orcs
  3 ball pythons (Sewer)
  13 giant cockroaches
  8 hobgoblins
  20 jackals
  11 kobolds
  3 quokkas
  5 bats
  7 frilled lizards
  16 goblins
  A jackal skeleton (D:8)
  A leopard gecko skeleton (D:6)
  A leopard gecko zombie (D:8)
  A quokka skeleton (D:8)
  5 rats
416 creatures vanquished.

Notes
Turn   | Place    | Note
-------+----------+-------------------------------------------
     0 | D:1      | gruber the Minotaur Fighter began the quest for the Orb.
     0 | D:1      | Reached XP level 1. HP: 19/19 MP: 0/0
    80 | D:1      | Reached XP level 2. HP: 19/28 MP: 1/1
   430 | D:1      | Reached skill level 5 in Fighting
   521 | D:1      | Reached XP level 3. HP: 27/36 MP: 2/2
   914 | D:2      | Found an opulent altar of Gozag.
  1062 | D:2      | Reached XP level 4. HP: 41/44 MP: 3/3
  1175 | D:3      | Found a sparkling altar of Nemelex Xobeh.
  1646 | D:4      | Reached XP level 5. HP: 52/52 MP: 4/4
  1655 | D:4      | Noticed a phantom
  1689 | D:4      | Killed a phantom
  1689 | D:4      | Reached skill level 5 in Armour
  1752 | D:4      | Noticed an ogre
  2022 | D:4      | Killed an ogre
  2022 | D:4      | Reached XP level 6. HP: 16/60 MP: 5/5
  2069 | D:4      | Found a shadowy altar of Dithmenos.
  2083 | D:4      | Found a glowing silver altar of Zin.
  2111 | D:4      | Noticed Robin
  2137 | D:4      | Reached XP level 7. HP: 19/66 MP: 6/6
  2162 | D:4      | Found a glowing drain.
  2171 | Sewer    | Entered a sewer
  2656 | D:4      | Killed Robin
  2700 | D:4      | Found a shimmering altar of Xom.
  2758 | D:4      | Reached skill level 5 in Shields
  3098 | D:4      | Noticed Sigmund
  3116 | D:4      | Killed Sigmund
  3212 | D:4      | Reached XP level 8. HP: 72/73 MP: 7/7
  3251 | D:4      | Found a runed translucent door.
  3252 | D:4      | Noticed Crazy Yiuf
  3405 | D:4      | Killed Crazy Yiuf
  3541 | D:5      | Entered Level 5 of the Dungeon
  4228 | D:5      | Reached skill level 1 in Dodging
  4620 | D:6      | Found a hide-covered altar of Uskayaw.
  4620 | D:6      | Found a radiant altar of Vehumet.
  4630 | D:6      | Found an iron altar of Okawaru.
  4632 | D:6      | Found a blossoming altar of Fedhas.
  4634 | D:6      | Found an ornate altar of the Wu Jian Council.
  4684 | D:6      | Reached skill level 5 in Dodging
  5028 | D:6      | Reached XP level 9. HP: 79/79 MP: 8/8
  5248 | D:6      | Became a worshipper of Warmaster Okawaru
  5504 | D:7      | Found Ilumash's Food Boutique.
  5629 | D:7      | Reached skill level 3 in Long Blades
  5745 | D:7      | Found a staircase to the Ecumenical Temple.
  5756 | D:7      | Reached skill level 4 in Long Blades
  5923 | D:7      | Reached skill level 5 in Long Blades
  6066 | D:8      | Noticed Grum
  6081 | D:8      | Killed Grum
  6081 | D:8      | Reached * piety under Okawaru
  6081 | D:8      | Reached skill level 6 in Long Blades
  6212 | D:8      | Reached skill level 7 in Long Blades
  6258 | D:8      | Reached skill level 8 in Long Blades
  6322 | D:8      | Noticed a two-headed ogre
  6335 | D:8      | Killed a two-headed ogre
  6335 | D:8      | Reached ** piety under Okawaru
  6335 | D:8      | Reached skill level 9 in Long Blades
  6335 | D:8      | Reached XP level 10. HP: 25/88 MP: 9/9
  6340 | D:8      | Got a masterwork cloak
  6346 | D:8      | Identified the +2 cloak of the Meadowlark {rC+ Str+3} (You
                  | found it on level 8 of the Dungeon)
  6640 | D:8      | Reached skill level 10 in Long Blades
  6647 | D:8      | Noticed a manticore
  6657 | D:8      | Killed a manticore
  6657 | D:8      | Reached *** piety under Okawaru
  6980 | D:8      | Reached skill level 11 in Long Blades
  7366 | D:8      | Found a stormy altar of Qazlal.
  7402 | D:8      | Noticed Gastronok
  7419 | D:8      | Killed Gastronok
  7419 | D:8      | Reached **** piety under Okawaru
  7419 | D:8      | Reached ***** piety under Okawaru
  7419 | D:8      | Reached skill level 13 in Long Blades
  7454 | D:8      | Noticed Joseph
  7485 | D:8      | Killed Joseph
  7485 | D:8      | Received a gift from Okawaru
  7485 | D:8      | Reached XP level 11. HP: 32/94 MP: 2/10
  7947 | D:8      | Noticed Pikel
  7971 | D:8      | Killed Pikel
  7971 | D:8      | Reached skill level 14 in Long Blades
  8016 | D:8      | Noticed an eight-headed hydra
  8026 | D:8      | Killed a 12-headed hydra
  8578 | D:9      | Reached skill level 15 in Long Blades
  8664 | D:9      | Found a snail-covered altar of Cheibriados.
  9235 | D:10     | Entered Level 10 of the Dungeon
  9355 | D:10     | Reached skill level 10 in Armour
  9401 | D:10     | Noticed a two-headed ogre
  9410 | D:10     | Killed a two-headed ogre
  9500 | D:10     | Noticed Erolcha
  9510 | D:10     | Killed Erolcha
  9719 | D:10     | Noticed a centaur warrior
  9730 | D:10     | Killed a centaur warrior
 10197 | D:10     | Noticed Maurice
 10214 | D:10     | Killed Maurice
 10431 | D:11     | Reached XP level 12. HP: 101/101 MP: 11/11
 10568 | D:11     | Found a runed translucent gate.
 10659 | D:11     | Found a staircase to the Lair.
 11084 | D:11     | Found a staircase to the Orcish Mines.
 11095 | D:11     | Noticed a two-headed ogre
 11101 | D:11     | Received a gift from Okawaru
 11106 | D:11     | Killed a two-headed ogre
 11426 | D:11     | Found Toeruvow's Distillery.
 11429 | D:11     | Bought a potion of mutation for 120 gold pieces
 11429 | D:11     | Bought a potion of curing for 45 gold pieces
 11429 | D:11     | Bought a potion of haste for 150 gold pieces
 11429 | D:11     | Bought a potion of lignification for 45 gold pieces
 11429 | D:11     | Bought a potion of heal wounds for 75 gold pieces
 11458 | D:11     | Found a runed translucent gate.
 11459 | D:11     | Found a runed translucent gate.
 11586 | D:12     | Noticed a two-headed ogre
 11601 | D:12     | Killed a two-headed ogre
 11692 | D:12     | Reached ****** piety under Okawaru
 12507 | D:12     | Reached skill level 10 in Shields
 12783 | D:13     | Noticed a two-headed ogre
 12798 | D:13     | Killed a two-headed ogre
 13018 | D:13     | Received a gift from Okawaru
 13085 | D:13     | Reached XP level 13. HP: 107/107 MP: 12/12
 13693 | D:13     | Received a gift from Okawaru
 13759 | D:13     | Found a gate to the Vaults.
 13793 | D:13     | Killed from afar by a wizard

Illustrated notes

Levels and vault maps discovered:
D:1:      heliophobic_arrival_glass_houses, layout_basic, minmay_heptomino_h4
D:2:      layout_basic, lemuel_crystal_altar
D:3:      layout_rooms, nemelex_xobeh_ov_fountains_minmay
D:4:      layout_rooms, lemuel_doored_altar, zin_academy, portal_sewer_entry_d,
          first_ration, nrook_uturn, nicolae_dithmenos_shadow_blocks,
          uniq_robin, uniq_crazy_yiuf_cottage, uniq_sigmund
D:5:      layout_basic, corexii_corridor_pit
D:6:      cheibrodos_barr_body, layout_basic,
          chequers_temple_overflow_minitemple
D:7:      layout_basic, minmay_temple_entry_hall, serial_shops,
          nicolae_shop_crystal, due_unseen_surprise
D:8:      minmay_imperfect_grid, layout_loops_ring,
          nicolae_qazlal_style_of_elements, uniq_pikel, uniq_gastronok,
          uniq_joseph, uniq_grum
D:9:      layout_basic, slow_altar_1, hangedman_fish_farm
D:10:     layout_basic, hangedman_decor_push, uniq_erolcha, uniq_maurice
D:11:     layout_irregular_city, erik_lair_island, orc_0_dummy, serial_shops,
          kennysheep_mini, ploomutoo_gammafunk_ghost_potion_laboratory
D:12:     layout_roguey
D:13:     layout_roguey, grunt_vaults_entry_tiered

Skill      XL: |  1  2  3  4  5  6  7  8  9 10 11 12 13 |
---------------+----------------------------------------+-----
Fighting       | 4 5 6 7 8 |  8.0
Armour         | 5 7 8 12 14 | 14.0
Shields        | 6 8 12 13 | 13.6
Dodging        | 6 7 |  7.0
Long Blades    | 9 13 15 | 15.0

Action                   |  1- 3 |  4- 6 |  7- 9 | 10-12 | 13-15 || total
-------------------------+-------+-------+-------+-------+-------++-------
Melee: Long sword        |    84 |    76 |   384 |   510 |    26 ||  1080
       Headbutt          |    13 |     7 |   111 |   223 |    23 ||   377
       Scimitar          |       |       |       |   206 |    69 ||   275
Throw: Dart              |       |     4 |     5 |    12 |       ||    21
Invok: Heroism           |       |       |       |     5 |     1 ||     6
       Finesse           |       |       |       |     1 |     1 ||     2
Evoke: Wand              |       |       |       |     3 |       ||     3
  Use: Potion            |       |     1 |       |       |       ||     1
       Scroll            |       |       |       |     1 |       ||     1
 Stab: Paralysed         |       |       |       |     5 |       ||     5
  Eat: Chunk             |     1 |     2 |    15 |    24 |     2 ||    44
Armor: Scale mail        |    42 |    37 |   164 |    26 |       ||   269
       Ring mail         |       |       |       |    25 |       ||    25
       Plate armour      |       |       |       |   162 |    15 ||   177
Dodge: Dodged            |    32 |    23 |   148 |   196 |    14 ||   413
Block: Kite shield       |    40 |    47 |   210 |   344 |     8 ||   649
       Tower shield      |       |       |       |       |    49 ||    49
       Rpst.: Long sword |     7 |     8 |    43 |    31 |       ||    89
       Scimitar          |       |       |       |     9 |     2 ||    11

Table legend:
 A = Non-vault XP
 B = Vault XP
 C = Vault XP percentage of total XP
 D = Non-vault monster count
 E = Vault monster count
 F = Vault count percentage of total count
                 A         B        C        D         E       F
            +---------+---------+-------+---------+---------+-------
      Total |   26789 |   16230 |  37.7 |     306 |     108 |  26.1
            +---------+---------+-------+---------+---------+-------
        D:1 |      41 |       4 |   8.9 |      24 |       2 |   7.7
        D:2 |      59 |       0 |   0.0 |      18 |       0 |   0.0
        D:3 |      85 |       0 |   0.0 |      14 |       0 |   0.0
        D:4 |     769 |     309 |  28.7 |      21 |      14 |  40.0
        D:5 |     273 |       0 |   0.0 |      18 |       0 |   0.0
        D:6 |     593 |     682 |  53.5 |      18 |      11 |  37.9
        D:7 |     774 |       0 |   0.0 |      19 |       0 |   0.0
        D:8 |    3089 |    6230 |  66.9 |      28 |      30 |  51.7
        D:9 |    2396 |     348 |  12.7 |      25 |       2 |   7.4
       D:10 |    4387 |    1446 |  24.8 |      25 |       2 |   7.4
       D:11 |    2877 |     689 |  19.3 |      22 |       8 |  26.7
       D:12 |    5618 |       0 |   0.0 |      44 |       0 |   0.0
       D:13 |    5828 |    6282 |  51.9 |      30 |      20 |  40.0
      Sewer |       0 |     240 | 100.0 |       0 |      19 | 100.0
            +---------+---------+-------+---------+---------+-------
